AoeStats
← Sassy Susan

Arena

509865019Analyzed
4v4 RM · 4d ago on Sep 28, 2026· 35m 57s· 8 players
Game mode
Random Map
Map size
Large (8 player)
Population
200
Speed
Normal
Resources
Standard
Victory
Conquest
Starting age
Dark Age
Ending age
Imperial Age
RankedLock teamsTeams togetherTeam positionsShared explorationLock speedFull tech treeHidden civsTurbo modeCheats
Victory
Defeat
🇳🇴 Poles · Norway
1630
+4
🇪🇸 Varangians · Spain
1271
+16
🇦🇺 Persians · Australia
1221
+17
🇿🇦 Mongols · South Africa
1081
+22
🇨🇳 Danes · China
1292
-16
🇧🇩 Turks · Bangladesh
1280
-15
🇨🇳 Burgundians · China
1260
-14
🇨🇳 Goths · China
1259
-14
Gunslinger
10:50 Feudal Age
11:45 Double-Bit Axe
15:50 Castle Age
16:48 Bow Saw
23:29 Loom
27:38 Gold Mining
TwT
4:58 Double-Bit Axe
7:50 Horse Collar
11:02 Feudal Age
15:39 Castle Age
14:35 Bow Saw
15:28 Heavy Plow
15:34 Heavy Plow
15:46 Gold Mining
17:26 Two-Man Saw
16:23 Loom
18:03 Gold Shaft Mining
21:43 Wheelbarrow
25:51 Imperial Age
23:28 Arson
24:02 Scale Mail Armor
24:13 Forging
25:24 Forging
28:13 Chemistry
28:27 Iron Casting
只爆叉叉
10:41 Feudal Age
11:30 Double-Bit Axe
14:21 Castle Age
12:13 Horse Collar
15:36 Bow Saw
15:29 Heavy Plow
21:11 Wheelbarrow
21:48 Gold Mining
21:51 Stone Mining
22:18 Gold Mining
22:16 Loom
22:59 Hand Cart
23:44 Gold Shaft Mining
24:47 Scale Mail Armor
24:58 Forging
29:07 Imperial Age
27:17 Chain Mail Armor
27:38 Iron Casting
26:57 Hamask
28:26 Squires
28:14 Arson
29:16 Gambesons
29:29 Pikeman
29:30 Elite Varangian Guard
30:34 Conscription
30:56 Plate Mail Armor
31:26 Blast Furnace
31:05 Capped Ram
32:04 Halberdier
34:18 Siege Ram
35:10 Northmen's Fury
36:06 Siege Engineers
会做梦的懒猪
10:11 Feudal Age
14:29 Castle Age
12:52 Double-Bit Axe
13:05 Horse Collar
13:52 Loom
15:35 Wheelbarrow
15:35 Bow Saw
20:16 Heavy Plow
23:18 Gold Mining
23:20 Stone Mining
28:22 Imperial Age
26:10 Hand Cart
25:40 Town Watch
27:54 Forging
27:44 Scale Mail Armor
27:25 Pikeman
28:06 Squires
29:15 Iron Casting
29:20 Halberdier
30:39 Anarchy
30:00 Elite Huskarl
31:01 Conscription
31:56 Blast Furnace
31:11 Chain Mail Armor
34:02 Perfusion
Gandalff
9:31 Loom
11:16 Feudal Age
12:40 Double-Bit Axe
15:29 Castle Age
13:17 Horse Collar
17:58 Bow Saw
21:21 Heavy Plow
23:08 Wheelbarrow
22:23 Town Watch
25:26 Hand Cart
26:36 Scale Barding Armor
26:41 Forging
29:42 Imperial Age
26:59 Treadmill Crane
28:08 Chain Barding Armor
29:00 Iron Casting
29:28 Husbandry
29:43 Bloodlines
29:39 Gold Mining
29:39 Stone Mining
29:31 Vendel Legacy
30:16 Cavalier
32:31 Plate Barding Armor
32:56 Blast Furnace
35:48 Blast Furnace
36:54 Conscription
Sassy Susan
10:48 Feudal Age
11:41 Double-Bit Axe
14:40 Castle Age
12:33 Horse Collar
16:55 Bow Saw
17:19 Loom
17:42 Heavy Plow
20:08 Gold Mining
21:03 Wheelbarrow
25:49 Imperial Age
23:46 Fletching
25:02 Caravan
25:06 Bodkin Arrow
25:22 Town Watch
25:55 Padded Archer Armor
25:40 Crossbowman
26:46 Ballistics
26:48 Bracer
26:44 Arbalester
28:57 Chemistry
28:52 Thumb Ring
29:36 Scale Mail Armor
30:03 Forging
30:34 Chain Mail Armor
30:20 Stone Mining
30:51 Squires
31:45 Hand Cart
31:29 Arson
32:48 Conscription
32:28 Elite Obuch
33:58 Plate Mail Armor
36:03 Iron Casting
Farmer Tunn
10:54 Feudal Age
14:18 Castle Age
12:38 Double-Bit Axe
14:22 Horse Collar
15:54 Wheelbarrow
19:22 Bow Saw
22:14 Scale Barding Armor
23:01 Gold Mining
23:39 Hand Cart
23:11 Loom
24:23 Bloodlines
24:06 Town Watch
25:16 Forging
25:45 Husbandry
26:14 Chain Barding Armor
26:43 Heavy Plow
27:21 Iron Casting
33:07 Imperial Age
34:07 Plate Barding Armor
34:03 Conscription
33:24 Light Cavalry
33:28 Cavalier
34:28 Fletching
34:39 Padded Archer Armor
35:44 Blast Furnace
34:34 Fletching
34:45 Padded Archer Armor
35:38 Kamandaran
36:23 Thumb Ring
35:40 Crossbowman
GreenBeret
11:09 Feudal Age
15:22 Castle Age
14:19 Forging
16:05 Scale Barding Armor
16:37 Double-Bit Axe
20:40 Wheelbarrow
22:19 Light Cavalry
24:55 Bloodlines
27:40 Fletching
34:23 Chain Barding Armor
34:40 Iron Casting
Connection lost

Rejoining the realm…

Still unreachable

The connection could not be restored.

Session expired

The server has moved on; the page needs a fresh start.